[Event "*** Titled Tuesday Blitz"]
[Site "Chess.com"]
[Date "2021.04.27"]
[Round "2"]
[White "The_Machine04"]
[Black "ariosp"]
[Result "1-0"]
[WhiteElo "2436"]
[BlackElo "2212"]
[TimeControl "180+1"]
[EndTime "10:18:44 PDT"]
[Termination "The_Machine04 won on time"]

1. d4 Nf6 2. Bg5 e6 3. Nd2 d5 4. e3 c5 5. c3 Nc6 6. f4 cxd4 7.
exd4 Be7 8. Bd3 Qc7 9. Ngf3 h6 10. Bxf6 gxf6 11. g3 Bd7 12. Qe2 O-O-O 13. O-O-O Kb8 14.
Kb1 Qb6 15. f5 Bd6 16. fxe6 fxe6 17. Nh4 e5 18. dxe5 fxe5 19. Nb3 Be6 20. Bf5 Bxf5+ 21. Nxf5 Bf8 22. Rhf1 Rh7 23. g4 a5 24. h4 a4 25.
Nc1 a3 26. g5 hxg5 27. hxg5 axb2 28. Qxb2 Qxb2+ 29. Kxb2 Rh8 30. Rd2 Rg8 31. Rg2 Na5 32.
Nb3 Nc4+ 33. Kc2 Bg7 34. Nd2 Nd6 35. Nxd6 Rxd6 36. Rf7 Ra6 37. Kb1 Rb6+ 38. Nb3 e4 39. Rd7 Bxc3 40. Rxd5 e3 41. Kc2 Rc6 42. Kd3 Re8 43. Nc5 Bd2 44. g6 b6 45. Nd7+ 1-0

[Event "*** Titled Tuesday Blitz"]
[Site "Chess.com"]
[Date "2021.04.27"]
[Round "2"]
[White "eltrain1971"]
[Black "chess94cu"]
[Result "0-1"]
[WhiteElo "2265"]
[BlackElo "2575"]
[TimeControl "180+1"]
[EndTime "10:18:45 PDT"]
[Termination "chess94cu won on time"]

1. c4 Nf6 2. g3 c6 3. Bg2 d5 4. Nf3 Bf5 5. d4 e6 6. Nc3 Nbd7 7. Qb3 Qb6 8. c5 Qc7 9. Bf4 Qc8 10. Nh4 Bg6 11. Nxg6 hxg6 12. Qc2 Be7 13. O-O Bd8 14. e4 dxe4 15. Nxe4 Nxe4 16. Qxe4 Bc7 17.
Be5 Bxe5 18. dxe5 Nxc5 19. Qb4 Nd7 20. Rfe1 Qc7 21. Rad1 O-O-O 22. Qe7 Nb6 23. Qa3 Kb8 24.
Rd6 Nc4 25. Rxd8+ Rxd8 26. Qc3 Nb6 27. h4 Qd7 28. Re3 Qd1+ 29. Kh2 Qd2 30. Rf3 Qxc3 31. bxc3 Rd7 32. Bf1 Kc7 33. Rd3 Rxd3 34. Bxd3 c5 35.
c4 Nd7 36. f4 a6 37. Kg2 Nb8 38. Kf2 Nc6 39. Ke3 Nd4 40. g4 Kb6 41. h5 gxh5 42. gxh5 Ka5 43. Kd2 Kb4 44. Ke3 Kc3 45. Bf1 b6 0-1

[Event "*** Titled Tuesday Blitz"]
[Site "Chess.com"]
[Date "2021.04.27"]
[Round "2"]
[White "VladDobrov"]
[Black "Logman74"]
[Result "1-0"]
[WhiteElo "2714"]
[BlackElo "2320"]
[TimeControl "180+1"]
[EndTime "10:18:45 PDT"]
[Termination "VladDobrov won by checkmate"]

1. d4 Nf6 2. c4 g6 3. Nc3 Bg7 4. e4 d6 5. Be2 O-O 6. Nf3 e5 7.
O-O Nc6 8. d5 Ne7 9. b4 Nh5 10.
Re1 f5 11. Ng5 Nf6 12. f3 Nh5 13. c5 Nf4 14. Bf1 a5 15. cxd6 cxd6 16. g3 Nh5 17.
bxa5 Bf6 18. Ne6 Bxe6 19. dxe6 f4 20. g4 Ng7 21. Rb1 Qxa5 22. Nd5 Nxe6 23. Nxf6+ Rxf6 24.
Rxb7 Qc5+ 25. Kh1 Nc6 26. Rb5 Qf2 27. Rb2 Qc5 28. Rc2 Qa5 29. Bd2 Qa4 30. Bc4 Nd4 31. Rc3 Qa7 32. Bc1 Kh8 33. Bd5 Rb8 34. a4 Nc5 35.
Rc4 Qa5 36. Rxd4 exd4 37. Bd2 Qb6 38. a5 Qb2 39. g5 Rff8 40. Bc1 Qc3 41. Re2 Nd3 42.
Rc2 Qxa5 43. Qxd3 Qe1+ 44. Kg2 Rfc8 45. Qxd4# 1-0

[Event "*** Titled Tuesday Blitz"]
[Site "Chess.com"]
[Date "2021.04.27"]
[Round "2"]
[White "grunbergmihai"]
[Black "VladimirBelous"]
[Result "1-0"]
[WhiteElo "2430"]
[BlackElo "2720"]
[TimeControl "180+1"]
[EndTime "10:18:46 PDT"]
[Termination "grunbergmihai won by resignation"]

1. Nf3 c5 2. c4 Nc6 3. g3 g6 4. Bg2 Bg7 5. O-O d6 6. Nc3 Bf5 7. d3 Qd7 8. Re1 Bh3 9. Bh1 h5 10.
Bg5 f6 11. Be3 h4 12. Nd5 e5 13. Rb1 Nge7 14. Nd2 Nxd5 15. Bxd5 Qg4 16. Bf3 Qd7 17. a3 Bh6 18. Bxh6 Rxh6 19. b4 b6 20. Qa4 Rc8 21. bxc5 dxc5 22. Ne4 Ke7 23. Nc3 Be6 24. Bd5 hxg3 25. fxg3 Nd4 26. Qxd7+ Bxd7 27. Rf1 Rch8 28.
Rf2 Nc2 29. a4 Ne3 30. Bf3 f5 31. a5 g5 32. Nd5+ Nxd5 33. Bxd5 f4 34. axb6 axb6 35.
Ra1 Be6 36. Ra7+ Kf6 37. Bxe6 Kxe6 38. g4 e4 39. dxe4 Ke5 40. Rg7 Kf6 41. Rb7 Ke5 42. Rg7 Kxe4 43. Rxg5 Ra8 44. Rf5 Kd4 45. R5xf4+ Kc3 46. g5 Rd6 47. h4 Rd4 48. g6 Kxc4 49. h5 Rg8 50. Rxd4+ cxd4 51. Rg2 b5 52. h6 b4 53. h7 Ra8 54. g7 1-0

[Event "*** Titled Tuesday Blitz"]
[Site "Chess.com"]
[Date "2021.04.27"]
[Round "2"]
[White "Zipa5"]
[Black "MPGM"]
[Result "0-1"]
[WhiteElo "1852"]
[BlackElo "2479"]
[TimeControl "180+1"]
[EndTime "10:18:47 PDT"]
[Termination "MPGM won on time"]

1. Nf3 d5 2. e3 c6 3. c4 Bg4 4.
Be2 e6 5. b3 Nf6 6. Bb2 Bd6 7.
O-O O-O 8. h3 Bh5 9. Nc3 Nbd7 10. d3 a6 11. e4 Bxf3 12. Bxf3 d4 13. Ne2 e5 14. g3 a5 15. Bg2 a4 16. f4 a3 17. Bc1 Bb4 18. f5 h6 19. g4 Nc5 20.
Ng3 Nfd7 21. Bd2 Na6 22. Qe1 Bxd2 23. Qxd2 Qg5 24. Qxg5 hxg5 25. Kf2 Nb4 26. Ke2 Nc5 27. Rfd1 Rfd8 28. Bf1 Kf8 29. Kd2 Ke7 30. Nh5 g6 31. Ng3 Rh8 32. Re1 Rh7 33. Nh1 Ncxd3 34. Bxd3 Rxh3 35.
Be2 Rah8 36. Nf2 Rc3 37. Bd1 Rh2 38. Re2 Rf3 0-1

[Event "*** Titled Tuesday Blitz"]
[Site "Chess.com"]
[Date "2021.04.27"]
[Round "2"]
[White "picturesquecheck"]
[Black "SchmakAttack"]
[Result "0-1"]
[WhiteElo "2304"]
[BlackElo "2624"]
[TimeControl "180+1"]
[EndTime "10:18:49 PDT"]
[Termination "SchmakAttack won by resignation"]

1. e4 e5 2. Nf3 Nc6 3. Bb5 a6 4. Ba4 Nf6 5. O-O Be7 6. Re1 b5 7. Bb3 d6 8. c3 O-O 9. h3 Nb8 10. d4 Nbd7 11. c4 c6 12. a3 Bb7 13. Nc3 Re8 14. Be3 Bf8 15. d5 bxc4 16. Bxc4 cxd5 17.
exd5 Rc8 18. Ba2 g6 19. Rc1 Bg7 20. b4 Nb6 21. Bg5 h6 22. Bxf6 Qxf6 23. Qe2 Qe7 24. Red1 e4 25. Nd4 Qe5 26. Nc6 Bxc6 27. dxc6 Rxc6 28.
Nb1 Rxc1 29. Rxc1 e3 30. fxe3 Qxe3+ 31. Qxe3 Rxe3 32. Rc7 d5 33. a4 Re2 34. a5 Rxa2 35. axb6 Bd4+ 36. Kh1 Ra1 37. Rc1 Bxb6 38. Rd1 Kg7 39.
Nc3 Rxd1+ 40. Nxd1 Bd4 41. g4 Kf6 42. Kg2 Ke5 43. Kf3 f5 44. Ke2 Ke4 45. Kd2 f4 46. Ke2 f3+ 47. Kf1 Kd3 48. h4 Kc4 49. Nf2 Bxf2 50.
Kxf2 d4 51. Kxf3 d3 52. Ke3 Kc3 53. h5 gxh5 54. g5 hxg5 0-1

[Event "*** Titled Tuesday Blitz"]
[Site "Chess.com"]
[Date "2021.04.27"]
[Round "2"]
[White "Hypercar"]
[Black "LenkaPtacnikova"]
[Result "0-1"]
[WhiteElo "2597"]
[BlackElo "2192"]
[TimeControl "180+1"]
[EndTime "10:18:49 PDT"]
[Termination "LenkaPtacnikova won by resignation"]

1. d4 Nf6 2. Nf3 e6 3. g3 c5 4. Bg2 Be7 5. O-O O-O 6. dxc5 Bxc5 7. a3 d5 8. b4 Be7 9. Bb2 Nc6 10.
Nbd2 b5 11. c3 Bb7 12. a4 a6 13. Ne1 Ne5 14. Nd3 Nxd3 15. exd3 Qb6 16. Nb3 Rac8 17. a5 Qc7 18. d4 Ne4 19. Nc5 Nxc5 20. dxc5 Bc6 21.
Qd2 Bf6 22. f4 g6 23. h4 Bg7 24. h5 Rcd8 25. hxg6 hxg6 26. Bf3 Rfe8 27. Kg2 Re7 28.
Rad1 Red7 29. Qf2 Qb7 30. Rd4 Bxd4 31. Qxd4 Re8 32. c4 e5 33. fxe5 dxc4 34. Qh4 Bxf3+ 35. Kg1 Re6 36. Bc1 Rd1 37. Rxd1 Bxd1 38. Qd8+ Kg7 39.
Qxd1 Qe4 40. Bf4 c3 41. Qc1 c2 42. Kf2 Qd3 43. Ke1 g5 44. Qd2 Qe4+ 45. Be3 Rxe5 46. Kf1 Qxe3 47. Qxc2 Qf3+ 48. Qf2 Qxf2+ 49. Kxf2 Re4 50. c6 Rxb4 51. c7 Rc4 52. c8=Q Rxc8 0-1

[Event "*** Titled Tuesday Blitz"]
[Site "Chess.com"]
[Date "2021.04.27"]
[Round "2"]
[White "tteshan"]
[Black "Joshukid"]
[Result "0-1"]
[WhiteElo "2256"]
[BlackElo "2618"]
[TimeControl "180+1"]
[EndTime "10:18:50 PDT"]
[Termination "Joshukid won by resignation"]

1. d4 d5 2. c4 e6 3. Nc3 a6 4.
cxd5 exd5 5. Bf4 Nf6 6. Nf3 c6 7. e3 Bd6 8. Ne5 O-O 9. Bd3 Qe7 10. O-O Nbd7 11. Nxd7 Bxd7 12. Bxd6 Qxd6 13. f3 Rfe8 14. Re1 Rad8 15. Na4 Bc8 16. Nc5 Nd7 17. b4 b6 18.
Nxd7 Rxd7 19. Qc2 Rde7 20. Bxh7+ Kh8 21. Bd3 Rxe3 22. Qf2 Rxe1+ 23. Rxe1 Rxe1+ 24. Qxe1 Qd8 25. Qe5 Kg8 26. Qb8 Qe8 27. Kf2 b5 28. Bf5 Bd7 29.
Qxe8+ Bxe8 30. Bc8 Kf8 31. Bxa6 Bd7 32. Ke3 Ke7 33. Kd3 Kd6 34. Kc3 Kc7 35. a4 Kb6 36. a5+ Kxa6 37. Kd3 Bc8 38. Ke3 Kb7 39. Kf4 f6 40. g4 Kc7 41. h4 Kd6 42. g5 Ke7 43. h5 Kf7 44. g6+ Ke6 45. Ke3 Kf5 46. h6 Kxg6 47. hxg7 Kxg7 48. Kf4 Kg6 49. Kg3 Kf5 50. Kf2 Kf4 51. Ke2 Kg3 52. Ke3 f5 53. Ke2 f4 0-1

[Event "*** Titled Tuesday Blitz"]
[Site "Chess.com"]
[Date "2021.04.27"]
[Round "2"]
[White "starworld123"]
[Black "Vesper2018"]
[Result "1-0"]
[WhiteElo "2761"]
[BlackElo "2533"]
[TimeControl "180+1"]
[EndTime "10:18:51 PDT"]
[Termination "starworld123 won by checkmate"]

1. e4 c5 2. Nf3 d6 3. d4 cxd4 4. Nxd4 Nf6 5. Nc3 a6 6. Bd3 e5 7. Nde2 Be7 8. O-O O-O 9. Ng3 Be6 10. Nd5 Bxd5 11. exd5 g6 12. c4 Nbd7 13. Bh6 Re8 14.
Rc1 Bf8 15. Qd2 e4 16. Bb1 Bxh6 17. Qxh6 Nc5 18. Rfe1 a5 19. Qf4 Qe7 20. f3 e3 21.
Nf1 Nh5 22. Qxe3 Qf6 23. Qf2 Nf4 24. Qd2 a4 25. Ng3 Ncd3 26. Bxd3 Qd4+ 27. Kh1 Nxd3 28. Rf1 Re3 29. Rcd1 Rae8 30. Ne4 f5 31. Nf2 Nxf2+ 32. Qxf2 Qxc4 33. Qg3 Re2 34. Qxd6 Qc2 35. Qg3 Qxb2 36. d6 Rd8 37. d7 Qb6 38. Rfe1 Qe6 39. Rxe2 Qxe2 40.
Qd6 Kg7 41. h3 b5 42. Kh2 f4 43. Rd4 g5 44. Re4 Qf2 45. Re7+ Kg8 46. Qe6+ Kf8 47. Qf6+ Kg8 48. Qg7# 1-0

[Event "*** Titled Tuesday Blitz"]
[Site "Chess.com"]
[Date "2021.04.27"]
[Round "2"]
[White "szachuspl"]
[Black "Durarbayli"]
[Result "1-0"]
[WhiteElo "2543"]
[BlackElo "2741"]
[TimeControl "180+1"]
[EndTime "10:18:51 PDT"]
[Termination "szachuspl won on time"]

1. d4 d5 2. c4 c6 3. cxd5 cxd5 4. Bg5 f6 5. Bh4 Nc6 6. Nc3 Nh6 7. e3 Nf5 8. Nf3 e6 9. Bd3 Nxh4 10. Nxh4 g6 11.
O-O Bg7 12. Rc1 O-O 13. g3 Bd7 14. a3 Rc8 15. b4 Ne7 16. Qb3 Qe8 17. b5 g5 18. Nf3 Qh5 19. Nd2 g4 20. b6 a6 21.
Na4 Bc6 22. Nc5 Qf7 23. a4 h5 24. a5 h4 25. Qb1 f5 26. Rfe1 Bf6 27. Bf1 Kg7 28.
Nd3 Rh8 29. Bg2 hxg3 30. hxg3 Qh5 31. Nb3 Bb5 32. Nbc5 Kf7 33. Kf1 Nc6 34. Ke2 Nxa5 35. Rh1 Qg6 36. Rxh8 Bxh8 37. Kd2 Nc4+ 38. Ke1 Nd6 39.
Nf4 Qh6 40. Ncxe6 Qh2 41. Kd2 Rxc1 42. Qxc1 Nc4+ 43. Kc3 Bf6 44. Kb3 Qh8 45. Nc5 Qd8 46.
Bxd5+ Kg7 47. Nfe6+ 1-0

[Event "*** Titled Tuesday Blitz"]
[Site "Chess.com"]
[Date "2021.04.27"]
[Round "2"]
[White "Kolle05"]
[Black "chessdjw"]
[Result "0-1"]
[WhiteElo "2322"]
[BlackElo "2728"]
[TimeControl "180+1"]
[EndTime "10:18:51 PDT"]
[Termination "chessdjw won on time"]

1. e4 e5 2. Nf3 Nc6 3. Bb5 g6 4. O-O Bg7 5. c3 a6 6. Ba4 Nge7 7. d4 b5 8. Bb3 exd4 9. cxd4 d6 10.
h3 O-O 11. Nc3 h6 12. Be3 Kh7 13. Rc1 Na5 14. Bc2 Nc4 15. b3 Nxe3 16. fxe3 Bb7 17.
Qe2 Qd7 18. Bd3 Kg8 19. Rcd1 h5 20. e5 Bxf3 21. Qxf3 dxe5 22. dxe5 Qe6 23. Be4 Rad8 24. Nd5 Qxe5 25. Nxe7+ Qxe7 26. Rxd8 Rxd8 27. Bd5 Rf8 28. e4 Be5 29. Kh1 Kg7 30. Rc1 c5 31. a4 bxa4 32.
bxa4 Rb8 33. Qd1 Qg5 34. Rb1 Qg3 35. Kg1 Bd4+ 36. Kh1 Be5 37. Kg1 Qh2+ 38. Kf2 Bd4+ 39. Kf3 Rf8 40. Rb7 Qe5 41. Qd3 Qg5 42. Ke2 Qxg2+ 43. Kd1 h4 44. Qxa6 Be3 0-1

[Event "*** Titled Tuesday Blitz"]
[Site "Chess.com"]
[Date "2021.04.27"]
[Round "2"]
[White "YaWaleriy"]
[Black "PlotnikovPavel"]
[Result "0-1"]
[WhiteElo "2265"]
[BlackElo "2469"]
[TimeControl "180+1"]
[EndTime "10:18:51 PDT"]
[Termination "PlotnikovPavel won on time"]

1. d4 c5 2. d5 e5 3. e4 d6 4. Nc3 a6 5. a4 Be7 6. g3 h5 7.
h4 g6 8. Bh3 Nh6 9. Bxc8 Qxc8 10.
Nh3 Qg4 11. Be3 Qxd1+ 12. Rxd1 Ng4 13. Bd2 Nd7 14. f3 Ngf6 15. Nf2 c4 16. Be3 Kf8 17. Ke2 Kg7 18. a5 Rhc8 19. Ra1 Nc5 20. Rhb1 Nfd7 21.
Nfd1 f5 22. Nf2 Rf8 23. Na4 Rac8 24. Ra3 Bd8 25. Nxc5 Nxc5 26. Rba1 f4 27. gxf4 exf4 28. Bd4+ Kh7 29. Rc3 Bxh4 30. Rxc4 Bxf2 31. Bxf2 Nd7 32. Rxc8 Rxc8 33. c3 Ne5 34. Ra3 g5 35. Rb3 Rc7 36. Rb4 h4 37. Bd4 Nd7 38. Ra4 Kg6 39. Ra1 Ne5 40. Rg1 Nc4 41. b4 Na3 42. Kd3 Nb5 0-1

[Event "*** Titled Tuesday Blitz"]
[Site "Chess.com"]
[Date "2021.04.27"]
[Round "2"]
[White "Warre"]
[Black "MVM2008"]
[Result "1-0"]
[WhiteElo "2463"]
[BlackElo "2254"]
[TimeControl "180+1"]
[EndTime "10:18:51 PDT"]
[Termination "Warre won on time"]

1. d4 Nf6 2. Bg5 e6 3. e4 d6 4. Bd3 Be7 5. Ne2 Nbd7 6. O-O a6 7. Nd2 c5 8. c3 b5 9. a4 c4 10. Bc2 Bb7 11. f3 O-O 12. Be3 e5 13. b3 d5 14.
bxc4 bxc4 15. dxe5 Nxe5 16. Bd4 Nc6 17. e5 Nd7 18. f4 f6 19. Rb1 Rb8 20. exf6 Nxf6 21. Nf3 Ne4 22. Be3 Bf6 23. Nfd4 Re8 24. Nxc6 Bxc6 25.
Bd4 Rxb1 26. Bxb1 Bxd4+ 27. Qxd4 Bxa4 28. f5 Nf6 29. Nf4 Bc6 30. Ne6 Qe7 31. Rf3 Rb8 32.
Bc2 Rb2 33. Bd1 Ne4 34. Rf4 Rd2 35. Rxe4 Rxd4 36. Rxd4 Qf6 37. Bc2 Qe5 38. Kf2 Qxh2 39. Rg4 Qe5 40. Rxg7+ Qxg7 41. Nxg7 Kxg7 42. Ke3 Kf6 43. Kd4 Bb7 44. g4 1-0

[Event "*** Titled Tuesday Blitz"]
[Site "Chess.com"]
[Date "2021.04.27"]
[Round "2"]
[White "mapleaff"]
[Black "AntonovaNadezhda"]
[Result "1-0"]
[WhiteElo "2389"]
[BlackElo "2105"]
[TimeControl "180+1"]
[EndTime "10:18:52 PDT"]
[Termination "mapleaff won by resignation"]

1. d4 Nf6 2. c4 g6 3. Nf3 Bg7 4. Nc3 O-O 5. e4 d6 6. h3 e5 7. d5 Na6 8. Be3 c6 9. Be2 cxd5 10. cxd5 Nc7 11. Rc1 b5 12. Nd2 a6 13. O-O Bd7 14. b4 Nfe8 15. Nb3 f5 16. f3 f4 17. Bf2 Nf6 18.
Bb6 Rc8 19. Na5 Qe7 20. Nc6 Bxc6 21. dxc6 Ne6 22. Nd5 Nxd5 23. exd5 Nd4 24. Bd3 Qg5 25. Be4 Bf6 26. a4 Bd8 27. Bxd4 exd4 28. axb5 axb5 29.
Qxd4 Qg3 30. Qd3 Bf6 31. Qxb5 Bd4+ 32. Kh1 Rb8 33. Qc4 Be3 34. c7 Rbc8 35. b5 Bxc1 36. Rxc1 Qf2 37. Qc6 Rf7 38. b6 Qe3 39. b7 Rfxc7 40.
bxc8=Q+ Rxc8 41. Qxc8+ Kg7 42. Qc3+ 1-0

[Event "*** Titled Tuesday Blitz"]
[Site "Chess.com"]
[Date "2021.04.27"]
[Round "2"]
[White "niki_2003"]
[Black "Region_07"]
[Result "0-1"]
[WhiteElo "2045"]
[BlackElo "2367"]
[TimeControl "180+1"]
[EndTime "10:18:54 PDT"]
[Termination "Region_07 won by checkmate"]

1. e4 Nc6 2. d4 d5 3. exd5 Qxd5 4. Nc3 Qxd4 5. Be3 Qxd1+ 6. Rxd1 Bd7 7. Nf3 h6 8. Bc4 e6 9. Nb5 O-O-O 10. Nxa7+ Nxa7 11. Bxa7 Bd6 12. Bd4 Nf6 13. O-O Bc6 14.
Ne5 Bxe5 15. Bxe5 Rxd1 16. Rxd1 Rd8 17. Rxd8+ Kxd8 18. f4 b5 19. Bd3 Ne8 20. Kf2 f6 21. Bc3 Nd6 22. g3 Be4 23. Bxe4 Nxe4+ 24. Ke3 Nxc3 25. bxc3 Kd7 26. Ke4 Kd6 27. f5 e5 28.
h4 Kc5 29. Kd3 c6 30. g4 Kb6 31. c4 b4 32. c3 Ka5 33. c5 Kb5 34. c4+ Kxc5 35.
h5 Kb6 36. Kc2 Ka5 37. Kd3 c5 38. Ke4 Ka4 39. Kd3 Ka3 40. Kc2 Kxa2 41. Kc1 b3 42. Kd2 b2 43. Kc3 b1=Q 44. Kd2 Qb2+ 45. Ke3 Qd4+ 46.
Ke2 e4 47. Ke1 Qd3 48. Kf2 e3+ 49. Kf3 e2+ 50. Kf4 e1=Q 51. g5 Qeg3# 0-1

[Event "*** Titled Tuesday Blitz"]
[Site "Chess.com"]
[Date "2021.04.27"]
[Round "2"]
[White "MichailovM"]
[Black "politeplayer"]
[Result "1-0"]
[WhiteElo "2455"]
[BlackElo "2247"]
[TimeControl "180+1"]
[EndTime "10:18:55 PDT"]
[Termination "MichailovM won by resignation"]

1. d4 Nf6 2. Nf3 e6 3. g3 c5 4. c4 cxd4 5. Nxd4 d5 6. Bg2 e5 7.
Nf3 d4 8. O-O Nc6 9. e3 Be7 10.
exd4 exd4 11. Bf4 O-O 12. Nbd2 Bf5 13. Nb3 d3 14. Ne5 Nxe5 15. Bxe5 Qc8 16. Re1 Qxc4 17.
Rc1 Qa6 18. Rc7 Rae8 19. Bxb7 Qb6 20. Qf3 Bg4 21. Qc6 Bd6 22. Qxb6 axb6 23. Bxd6 Rxe1+ 24. Kg2 Rfe8 25. Bb4 Rb1 26. Bc3 Ne4 27. Bxe4 Rxe4 28. Nd2 Ree1 29. Nxb1 Rxb1 30. Rb7 h5 31. Rxb6 Be2 32.
a4 g5 33. f3 g4 34. fxg4 hxg4 35. Kf2 Rf1+ 36. Ke3 Rf3+ 37. Ke4 Rf2 38. Rd6 Rxh2 39.
a5 Kh7 40. a6 Bf3+ 41. Kf4 Rf2 42. Kg5 Ba8 43. Rd8 f6+ 44. Bxf6 Rxf6 45. Kxf6 Be4 46. a7 Bd5 47. Rxd5 d2 48. Rxd2 1-0

[Event "*** Titled Tuesday Blitz"]
[Site "Chess.com"]
[Date "2021.04.27"]
[Round "2"]
[White "Harry_Rakkel"]
[Black "Mili_Brizzi"]
[Result "1-0"]
[WhiteElo "2578"]
[BlackElo "2286"]
[TimeControl "180+1"]
[EndTime "10:18:56 PDT"]
[Termination "Harry_Rakkel won on time"]

1. d4 d5 2. c4 c6 3. cxd5 cxd5 4. Nc3 Nf6 5. Nf3 Nc6 6. Bf4 Bf5 7. e3 e6 8. Bb5 Bb4 9. O-O O-O 10. Bxc6 bxc6 11.
Na4 Qa5 12. Rc1 Rfc8 13. Ne5 Qb5 14. Qb3 Ne4 15. a3 Be7 16. Qd1 c5 17. f3 Nf6 18.
dxc5 Bxc5 19. Nxc5 Rxc5 20. g4 Bg6 21. h4 Rac8 22. Rxc5 Qxc5 23. h5 Bc2 24. Qd2 Ba4 25.
Nd3 Qc2 26. Rf2 Qxd2 27. Rxd2 h6 28. Kf2 Kf8 29. b4 Ke8 30. Nc5 Bb5 31. Be5 Kf8 32.
Rc2 Re8 33. Rc3 Kg8 34. a4 Bc4 35. Bxf6 gxf6 36. b5 Kg7 37. e4 Rc8 38. Nb7 d4 39. Rc1 Rc7 40. Nd6 d3 41. Ke3 d2 42. Kxd2 Rd7 43.
Rxc4 Rxd6+ 44. Ke2 Rb6 45. Rb4 a6 46. Kd3 axb5 47.
axb5 1-0

[Event "*** Titled Tuesday Blitz"]
[Site "Chess.com"]
[Date "2021.04.27"]
[Round "2"]
[White "chessbia"]
[Black "Airquake"]
[Result "0-1"]
[WhiteElo "2330"]
[BlackElo "2642"]
[TimeControl "180+1"]
[EndTime "10:18:57 PDT"]
[Termination "Airquake won on time"]

1. d4 g6 2. c4 Bg7 3. Nc3 b6 4. e4 Bb7 5. Nf3 e6 6. Be2 Ne7 7. O-O d5 8. cxd5 exd5 9. e5 O-O 10. Bg5 h6 11. Bh4 g5 12. Bg3 Nf5 13. Rc1 Nc6 14.
Qd3 Nce7 15. h3 Nxg3 16. fxg3 c5 17. g4 Ng6 18. Bd1 Nf4 19. Qd2 cxd4 20. Qxd4 Ne6 21. Qd3 d4 22. Ne4 Nf4 23. Qb1 d3 24. Nd6 Bxf3 25.
Bxf3 Bxe5 26. Nf5 Bg7 27. Bxa8 Ne2+ 28. Kh1 Nxc1 29. Rxc1 Qxa8 30. Qxd3 Rd8 31. Qc2 Bf8 32. Rf1 Qd5 33. b3 Qd2 34. Qc4 Qd3 35. Qxd3 Rxd3 36.
Rf2 Bc5 37. Re2 Kh7 38. g3 h5 39. gxh5 Rf3 40. g4 Rxh3+ 41. Kg2 Rd3 42. Re4 Rd2+ 43.
Kf3 Rf2+ 44. Kg3 Rxa2 45. Re7 Bxe7 46. Nxe7 Rb2 0-1

[Event "*** Titled Tuesday Blitz"]
[Site "Chess.com"]
[Date "2021.04.27"]
[Round "2"]
[White "MIJuanReyesRosa"]
[Black "Nafania1"]
[Result "0-1"]
[WhiteElo "2025"]
[BlackElo "2483"]
[TimeControl "180+1"]
[EndTime "10:18:57 PDT"]
[Termination "Nafania1 won on time"]

1. d4 Nf6 2. Nf3 e6 3. c4 Bb4+ 4. Bd2 a5 5. a3 Bxd2+ 6. Qxd2 d6 7.
Nc3 Nc6 8. e4 O-O 9. Be2 e5 10.
O-O Bg4 11. dxe5 dxe5 12. Qxd8 Raxd8 13. Rad1 Bxf3 14. Bxf3 Nd4 15. Nd5 Ne8 16. Rd3 c6 17. Ne7+ Kh8 18. Rfd1 Nf6 19. Nf5 c5 20. Ne3 g6 21. Nd5 Nxd5 22. cxd5 c4 23. Rc3 b5 24. Kf1 Rc8 25. Be2 a4 26. Rd2 f6 27. Bd1 f5 28.
Re3 f4 29. Rh3 Kg7 30. Rc3 h5 31. f3 g5 32. Kf2 Kf6 33. Bc2 Ke7 34. Rd1 Kd6 35. Rg1 Kc5 36. Bd1 Rf6 37. g3 fxg3+ 38. Rxg3 g4 39. Re3 Rcf8 40. Kg2 gxf3+ 41. Kf2 b4 42. h4 b3 43. Rg5 Rf4 0-1

[Event "*** Titled Tuesday Blitz"]
[Site "Chess.com"]
[Date "2021.04.27"]
[Round "2"]
[White "andrewtnb"]
[Black "JoseRemolar"]
[Result "1-0"]
[WhiteElo "2235"]
[BlackElo "2425"]
[TimeControl "180+1"]
[EndTime "10:18:58 PDT"]
[Termination "andrewtnb won on time"]

1. d4 Nf6 2. c4 g6 3. Nc3 d6 4. e4 Bg7 5. Nf3 O-O 6. Be2 e5 7. O-O Nc6 8. d5 Ne7 9. Nh4 Ne8 10. g3 f5 11. exf5 gxf5 12. f4 e4 13. Be3 Ng6 14. Ng2 Qf6 15. Qd2 Bd7 16. Rfd1 c5 17. dxc6 bxc6 18. c5 d5 19. Nxd5 Qxb2 20. Qxb2 Bxb2 21. Rab1 Bg7 22. Ne7+ Nxe7 23. Rxd7 Nd5 24. Bc4 Nf6 25. Rc7 Kh8 26. Rxc6 Nxe3 27. Nxe3 Rac8 28. Rxc8 Rxc8 29. Nxf5 Bf8 30. Rb7 Bxc5+ 31. Kg2 Bb6 32. Be6 Re8 33. Bf7 Rd8 34. Bc4 e3 35. Kf3 h5 36. h3 Nd5 37.
g4 hxg4+ 38. hxg4 Nc3 39. g5 Rc8 40. g6 e2 41. g7+ Kh7 42. Bxe2 Nxe2 43. g8=Q+ 1-0

[Event "*** Titled Tuesday Blitz"]
[Site "Chess.com"]
[Date "2021.04.27"]
[Round "2"]
[White "davidkalashian"]
[Black "Twitch_ElhamBlitz05"]
[Result "0-1"]
[WhiteElo "2565"]
[BlackElo "2855"]
[TimeControl "180+1"]
[EndTime "10:19:00 PDT"]
[Termination "Twitch_ElhamBlitz05 won on time"]

1. e4 c6 2. d4 d5 3. Nc3 dxe4 4. Nxe4 Nf6 5. Nxf6+ exf6 6. c3 Bd6 7. Bd3 O-O 8. Qc2 Re8+ 9. Ne2 h5 10. O-O h4 11.
h3 Nd7 12. Be3 Nf8 13. Rfe1 Be6 14. Bf4 b5 15. Qd2 Ng6 16. Bxd6 Qxd6 17. Bxg6 fxg6 18. Qf4 Qxf4 19. Nxf4 Bf7 20. a3 a5 21. Nd3 g5 22.
Rxe8+ Rxe8 23. Re1 Rxe1+ 24. Nxe1 Bg6 25. f3 Kf7 26. Kf2 Ke6 27. Ke3 Kd5 28. b3 a4 29.
c4+ bxc4 30. bxa4 c3 31. a5 c5 32. dxc5 Kxc5 33. a4 Kc6 34. Nd3 Kb7 35. Nb4 Bf5 36. a6+ Ka7 37. a5 Bg6 38. Ke2 Bf5 39. Ke3 Bd7 40. Ke2 Bb5+ 41. Ke3 Bf1 42. Kf2 Bxa6 43. Nxa6 Kxa6 44. Ke3 Kxa5 45. Kd3 Kb4 46. Kc2 Kc4 0-1

[Event "*** Titled Tuesday Blitz"]
[Site "Chess.com"]
[Date "2021.04.27"]
[Round "2"]
[White "Vice64"]
[Black "Raud100"]
[Result "1-0"]
[WhiteElo "2665"]
[BlackElo "2453"]
[TimeControl "180+1"]
[EndTime "10:19:00 PDT"]
[Termination "Vice64 won by resignation"]

1. e4 d6 2. d4 Nf6 3. Nc3 g6 4. Nf3 Bg7 5. h3 c5 6. d5 O-O 7. Bd3 e6 8. O-O e5 9. Nd2 Nh5 10. Re1 Nf4 11. Bf1 f5 12. Nc4 g5 13. g3 Ng6 14. exf5 Bxf5 15. a4 Na6 16. Ne4 Bxe4 17. Rxe4 Nc7 18. Bg2 Qf6 19. Be3 Ne7 20. Rg4 h6 21. Qd2 Nf5 22. Re1 Rf7 23. Be4 Nxe3 24. Qxe3 Raf8 25. Rf1 Ne8 26. h4 gxh4 27. Rxh4 Qe7 28.
Rg4 Nf6 29. Rg6 Nxe4 30. Qxe4 Rf6 31. Rxf6 Qxf6 32. Kg2 Rf7 33. f3 Bf8 34. Ne3 h5 35. Rh1 Rh7 36. Qf5 Qxf5 37. Nxf5 Kf7 38. Ne3 Kg6 39.
c3 Be7 40. Nc4 b6 41. Nd2 a6 42. Ne4 Rh8 43. Rb1 Kf5 44. b4 c4 45. b5 a5 46. Rh1 h4 47. Nd2 Bf6 48. Nxc4 Rc8 49.
Nxd6+ Kg6 50. Nxc8 e4 51. fxe4 Bxc3 52. Nxb6 Kf6 53.
Nc4 1-0

[Event "*** Titled Tuesday Blitz"]
[Site "Chess.com"]
[Date "2021.04.27"]
[Round "2"]
[White "Matols"]
[Black "slowdgehammer"]
[Result "1-0"]
[WhiteElo "2251"]
[BlackElo "2435"]
[TimeControl "180+1"]
[EndTime "10:19:01 PDT"]
[Termination "Matols won on time"]

1. d4 d5 2. c4 dxc4 3. Nf3 Nf6 4. e3 e6 5. Bxc4 a6 6. O-O b5 7. Bd3 Bb7 8. Re1 Nbd7 9. e4 c5 10. d5 c4 11. Bc2 Nc5 12. Nc3 Qb8 13. Bg5 Be7 14. Bxf6 gxf6 15. dxe6 fxe6 16. e5 f5 17.
Ng5 h5 18. h4 Qc7 19. a4 b4 20. Ne2 b3 21. Bb1 Bxg5 22. hxg5 h4 23. Nf4 Qc6 24.
g6 Rd8 25. Qe2 Rd4 26. g7 Rg8 27. Qh5+ Ke7 28. Qg5+ Kd7 29. Qf6 Kc8 30. Qf7 Qe8 31.
Qxe8+ Rxe8 32. Nh5 Rg8 33. a5 Rd2 34. Bxf5 exf5 35. e6 Bc6 36. e7 Be8 37. Nf6 Rxg7 38. Nxe8 Rg6 39. Nf6 Kc7 40. e8=Q Rd8 41. Qe7+ Nd7 42.
Rac1 Rxf6 43. Rxc4+ Rc6 44. Rxc6+ Kxc6 45. Rc1+ Kb7 46.
Qxd8 1-0

[Event "*** Titled Tuesday Blitz"]
[Site "Chess.com"]
[Date "2021.04.27"]
[Round "2"]
[White "WisdomGame"]
[Black "noblerone"]
[Result "1/2-1/2"]
[WhiteElo "2115"]
[BlackElo "2382"]
[TimeControl "180+1"]
[EndTime "10:19:02 PDT"]
[Termination "Game drawn by repetition"]

1. e4 c5 2. Nf3 e6 3. d4 cxd4 4.
Nxd4 Qb6 5. Nb3 Qc7 6. Nc3 a6 7.
Bd3 b5 8. a3 Nf6 9. O-O Bb7 10.
f4 d6 11. Qe2 Nbd7 12. Be3 Be7 13. g4 h5 14. g5 Ng4 15. h4 Nxe3 16. Qxe3 Nc5 17.
Nxc5 dxc5 18. e5 c4 19. Ne4 cxd3 20. cxd3 g6 21. Rac1 Qd7 22. Nc5 Bxc5 23. Rxc5 O-O 24. Rfc1 Rac8 25. Kf2 Rxc5 26. Rxc5 Rd8 27. Ke2 Rc8 28.
Qc1 Rc6 29. b4 Rxc5 30. Qxc5 Bd5 31. Qb6 Qc8 32. Qd6 Qc2+ 33. Ke3 Qc1+ 34. Ke2 Qxf4 35. Qxa6 Qxe5+ 36. Kd1 Bf3+ 37. Kd2 Qf4+ 38. Kc2 Qe5 39.
Qc8+ Kg7 40. Qd8 Bd5 41. Qe7 Bf3 42. Qd8 Bg4 43. Qe7 Bf5 44. Qd8 Qh2+ 45. Kc3 Qxh4 46. Qf6+ Kg8 47. Qd8+ Kh7 48. Qf6 Kg8 49. Qd8+ Kh7 50. Qf6 Kg8 1/2-1/2